 Dungeon Sprint DCSS version 0.18.1-47-g9310371 (webtiles) character file.

2503 rftp080 the Protected (level 9, -13/57 HPs)
             Began as a Gargoyle Air Elementalist on June 23, 2016.
             Was a High Priest of Sif Muna.
             Mangled by a komodo dragon (17 damage)
             ... in the Dungeon (Sprint IX: "|||||||||||||||||||||||||||||").
             The game lasted 00:04:44 (700 turns).

rftp080 the Protected (Gargoyle Air Elementalist)    Turns: 700, Time: 00:04:45

Health: -13/57     AC: 18    Str: 11    XL:     9   Next: 53%
Magic:  10/18      EV: 13    Int: 20    God:    Sif Muna [*****.]
Gold:   17         SH:  0    Dex: 16    Spells: 6 memorised, 5 levels left

rFire  . . .     SeeInvis .     n - staff of energy
rCold  . . .     Gourm    .     s - +2 ring mail
rNeg   + . .     Faith    .     (no shield)
rPois  ∞         Spirit   .     q - +0 helmet
rElec  +         Dismiss  .     (no cloak)
rCorr  .         Reflect  .     r - +0 pair of gloves
SustAt .         Harm     .     (no boots)
MR     .....     NoTele   +     (no amulet)
Stlth  +.........               u - +3 ring of dexterity
                                t - +3 ring of dexterity

@: repel missiles, not resistant to hostile enchantments, very unstealthy
A: negative energy resistance 1, electricity resistance, unbreathing,
petrification resistance, rot immunity, AC +5
a: Channel Energy, Forget Spell, Renounce Religion


You were in the Dungeon.
You worshipped Sif Muna.
Sif Muna was extremely pleased with you.
You were very hungry.

You visited 1 branch You collected 17 gold pieces.

Inventory:

Hand Weapons
 o - a +0 lajatang
 p - a +2 morningstar of crushing
Armour
 a - a +0 robe
 q - a +0 helmet (worn)
 r - a +0 pair of gloves (worn)
 s - a +2 ring mail (worn)
Magical Staves
 n - an uncursed staff of energy (weapon)
Jewellery
 t - a +3 ring of dexterity (left hand)
 u - a +3 ring of dexterity (right hand)
Wands
 m - a wand of acid (7/15)
Scrolls
 i - 2 scrolls of blinking
 j - 3 scrolls of recharging
 k - 3 scrolls of remove curse
 l - 2 scrolls of amnesia
 v - 4 scrolls of enchant armour
Potions
 d - 2 potions of magic
 e - 2 potions of might
 g - 3 potions of curing
 h - a potion of berserk rage
Books
 b - a book of Air

   Spells                             Type                      Level
   a - Shock                          Conjuration/Air              1
   b - Swiftness                      Charms/Air                   2
   c - Repel Missiles                 Charms/Air                   2
   d - Static Discharge               Conjuration/Air              3
   e - Lightning Bolt                 Conjuration/Air              5
 w - a book of Necromancy

   Spells                             Type                      Level
   a - Pain                           Necromancy                   1
   b - Animate Skeleton               Necromancy                   1
   c - Vampiric Draining              Necromancy                   3
   d - Regeneration                   Charms/Necromancy            3
   e - Animate Dead                   Necromancy                   4
   f - Control Undead                 Necromancy                   4
Comestibles
 c - a bread ration
 x - 3 chunks of flesh


   Skills:
 + Level 7.5 Fighting
 * Level 10.8 Armour
 + Level 5.2 Dodging
 - Level 2.1 Stealth
 + Level 6.6 Spellcasting
 * Level 10.8 Conjurations
 + Level 1.9 Charms
 * Level 2.5 Necromancy
 - Level 6.0 Air Magic
 * Level 9.4 Invocations


You had 5 spell levels left.
You knew the following spells:

 Your Spells              Type           Power        Failure   Level  Hunger
a - Shock                 Conj/Air       ####         1%          1    None
b - Repel Missiles        Chrm/Air       ###...       8%          2    None
c - Swiftness             Chrm/Air       ###.....     8%          2    None
d - Lightning Bolt        Conj/Air       #####.....   17%         5    None
e - Regeneration          Chrm/Necr      ###.......   28%         3    None
f - Vampiric Draining     Necr           ###.......   21%         3    None


Dungeon Overview and Level Annotations

Branches:
Dungeon (1/1)

Altars:
Cheibriados
Dithmenos
Elyvilon
Fedhas
Gozag
Kikubaaqudgha
Makhleb
Nemelex Xobeh
Okawaru
Pakellas
Qazlal
Ru
Sif Muna
Trog
Vehumet
Xom
Yredelemnul
Zin
The Shining One
Beogh
Jiyva
Lugonu


Innate Abilities, Weirdness & Mutations

You are resistant to torment.
Your stone body is resilient (AC +5).
You are immune to poison.
You resist negative energy.
You are resistant to electric shocks.
You can survive without breathing.
You are immune to petrification.
You are immune to rotting.


Message History

The bolt of lightning hits the crocodile.
The crocodile is almost dead.
The bolt of lightning hits the yak.
The yak is severely wounded.
The komodo dragon bites you!
* * * LOW HITPOINT WARNING * * *
Drink which item? (? for menu, Esc to quit)
You feel much better. The komodo dragon misses you.
Casting: Lightning Bolt
Confirm with . or Enter, or press ? or * to list all spells.
You don't have enough magic to cast that spell.
You channel some magical energy.
You are feeling very hungry.
The komodo dragon bites you!
You channel some magical energy.
You feel somewhat more hungry. The komodo dragon bites you!!
* * * LOW HITPOINT WARNING * * *
You channel some magical energy.
You feel somewhat more hungry. The komodo dragon bites you!
You die...

▓_▓.▓
▓_▓.▓.▓
▓_▓.▓.▓
▓_▓.▓.▓
▓_▓.▓r▓
▓_▓.▓Y▓
▓_▓.▓t▓
▓_▓.▓l▓
▓_▓.▓@▓
▓_▓.▓.▓
▓_▓.▓.▓
▓_▓.▓.▓
▓_▓.▓.▓
▓_▓.▓.▓
▓_▓.▓.▓
▓_▓.▓.▓
▓_▓.▓.▓


You could see a komodo dragon, a yak, a crocodile and a porcupine.

Vanquished Creatures
  2 spiny frogs (D)
  A komodo dragon (D)
  A wraith (D)
  A vampire mosquito (D)
  3 hippogriffs (D)
  A steam dragon (D)
  2 water moccasins (D)
  2 porcupines (D)
  2 centaurs (D)
  A crocodile (D)
  A big kobold (D)
  A wight (D)
  2 iguanas (D)
  2 worker ants (D)
  An adder (D)
  2 river rats (D)
  A shadow imp (D)
  An adder skeleton (D)
  An adder zombie (D)
  A giant gecko (D)
  A bat skeleton (D)
  2 bats (D)
  A giant newt (D)
  3 rats (D)
36 creatures vanquished.

Notes
Turn   | Place    | Note
--------------------------------------------------------------
     0 | D        | rftp080 the Gargoyle Air Elementalist began the quest for the Orb.
     0 | D        | Reached XP level 1. HP: 10/10 MP: 3/3
     4 | D        | Reached skill level 1 in Armour
     5 | D        | Reached skill level 1 in Fighting
    29 | D        | Noticed a worker ant
    29 | D        | Noticed a centaur
    34 | D        | Reached XP level 2. HP: 13/16 MP: 0/5
    44 | D        | Reached XP level 3. HP: 20/22 MP: 5/7
    45 | D        | Killed a centaur
    45 | D        | Reached skill level 5 in Armour
    45 | D        | Reached skill level 5 in Conjurations
    45 | D        | Reached XP level 4. HP: 26/28 MP: 4/9
    45 | D        | Reached XP level 5. HP: 29/32 MP: 4/10
    56 | D        | Learned a level 2 spell: Repel Missiles
    59 | D        | Learned a level 2 spell: Swiftness
    65 | D        | Learned a level 5 spell: Lightning Bolt
    65 | D        | Found a glowing silver altar of Zin.
    65 | D        | Found a glowing golden altar of the Shining One.
    65 | D        | Found an ancient bone altar of Kikubaaqudgha.
    65 | D        | Found a basalt altar of Yredelemnul.
    65 | D        | Found a shimmering altar of Xom.
    65 | D        | Found a radiant altar of Vehumet.
    66 | D        | Found an iron altar of Okawaru.
    67 | D        | Found a burning altar of Makhleb.
    68 | D        | Found a deep blue altar of Sif Muna.
    69 | D        | Found a bloodstained altar of Trog.
    70 | D        | Found a sparkling altar of Nemelex Xobeh.
    71 | D        | Found a white marble altar of Elyvilon.
    72 | D        | Found a roughly hewn altar of Beogh.
    73 | D        | Found a viscous altar of Jiyva.
    74 | D        | Found a corrupted altar of Lugonu.
    75 | D        | Found a blossoming altar of Fedhas.
    76 | D        | Became a worshipper of Sif Muna the Loreminder
    77 | D        | Found a snail-covered altar of Cheibriados.
    78 | D        | Found a shadowy altar of Dithmenos.
    79 | D        | Found a stormy altar of Qazlal.
    80 | D        | Found an opulent altar of Gozag.
    81 | D        | Found a sacrificial altar of Ru.
    82 | D        | Found an oddly glowing altar of Pakellas.
   134 | D        | Noticed a hippogriff
   134 | D        | Noticed a wraith
   143 | D        | Reached skill level 1 in Invocations
   146 | D        | Killed a hippogriff
   146 | D        | Reached * piety under Sif Muna
   146 | D        | Reached XP level 6. HP: 18/39 MP: 0/12
   160 | D        | Killed a wraith
   160 | D        | Reached ** piety under Sif Muna
   160 | D        | Reached skill level 5 in Fighting
   160 | D        | Reached skill level 5 in Invocations
   160 | D        | Reached XP level 7. HP: 11/44 MP: 1/14
   378 | D        | Noticed a komodo dragon
   378 | D        | Noticed a vampire mosquito
   386 | D        | Reached skill level 5 in Spellcasting
   386 | D        | Reached skill level 5 in Air Magic
   387 | D        | Killed a komodo dragon
   387 | D        | Reached XP level 8. HP: 37/51 MP: 6/16
   392 | D        | Reached *** piety under Sif Muna
   604 | D        | Noticed a spiny frog
   623 | D        | Killed a spiny frog
   623 | D        | Reached **** piety under Sif Muna
   623 | D        | Reached skill level 10 in Armour
   623 | D        | Reached skill level 10 in Conjurations
   623 | D        | Reached XP level 9. HP: 45/56 MP: 8/18
   628 | D        | Learned a level 3 spell: Regeneration
   632 | D        | Learned a level 3 spell: Vampiric Draining
   678 | D        | Noticed a spiny frog
   678 | D        | Noticed a komodo dragon
   689 | D        | Reached skill level 5 in Dodging
   689 | D        | Reached skill level 1 in Necromancy
   695 | D        | Reached skill level 1 in Charms
   695 | D        | Killed a spiny frog
   695 | D        | Reached ***** piety under Sif Muna
   700 | D        | Mangled by a komodo dragon

Skill      XL: |  1  2  3  4  5  6  7  8  9 |
---------------+----------------------------+-----
Armour         | 1 3 5 6 7 8 10 | 10.8
Fighting       | 1 2 3 4 5 6 7 |  7.5
Conjurations   | 2 3 5 6 7 8 10 | 10.8
Air Magic      | 3 4 5 6 |  6.0
Spellcasting   | 3 4 5 6 |  6.6
Invocations    | 3 5 6 8 9 |  9.4
Dodging        | 2 3 4 5 |  5.2
Necromancy     | 2 |  2.5
Charms         | 1 |  1.9
Stealth        | |  2.1

Action                   |  1- 3 |  4- 6 |  7- 9 || total
-------------------------+-------+-------+-------++-------
Melee: Staff             |       |       |     2 ||     2
 Cast: Shock             |    11 |    19 |    51 ||    81
       Lightning Bolt    |       |       |     3 ||     3
       Repel Missiles    |       |       |     1 ||     1
Invok: Channel Energy    |       |     3 |    15 ||    18
  Use: Potion            |     5 |     4 |     5 ||    14
  Eat: Chunk             |       |       |     1 ||     1
Armor: Robe              |     2 |       |       ||     2
       Ring mail         |       |    14 |    19 ||    33
Dodge: Dodged            |     6 |    12 |    33 ||    51
